AoeStats
← HR nomadplayer

Black Forest

506301170Analyzed
4v4 RM · 19d ago on Sep 13, 2026· 88m 56s· 8 players
Game mode
Random Map
Map size
Large (8 player)
Population
200
Speed
Normal
Resources
Standard
Victory
Conquest
Starting age
Dark Age
Ending age
Imperial Age
RankedLock teamsTeams togetherTeam positionsShared explorationLock speedFull tech treeHidden civsTurbo modeCheats
Victory
Defeat
🇨🇱 Sicilians · Chile
1790
+13
🇨🇱 Goths · Chile
1543
+23
🇨🇱 Berbers · Chile
1530
+24
1528
+23
🇬🇹 Jurchens · Guatemala
1756
-23
🇦🇺 Ethiopians · Australia
1722
-21
🇮🇳 Italians · India
1679
-20
🇻🇳 Byzantines · Vietnam
1664
-19
ChauNg
10:57 Feudal Age
12:21 Loom
16:26 Castle Age
15:37 Double-Bit Axe
16:29 Horse Collar
19:19 Bow Saw
25:30 Wheelbarrow
30:36 Imperial Age
28:32 Gold Mining
28:33 Stone Mining
29:19 Hand Cart
28:51 Loom
30:05 Scale Barding Armor
30:11 Forging
30:30 Heavy Plow
30:45 Husbandry
31:26 Chain Barding Armor
31:57 Conscription
32:38 Two-Man Saw
33:08 Iron Casting
32:50 Caravan
33:49 Plate Barding Armor
33:45 Crop Rotation
34:01 Gold Shaft Mining
34:21 Logistica
34:33 Guilds
35:05 Elite Cataphract
38:17 Capped Ram
39:40 Siege Ram
41:17 Coinage
42:31 Chemistry
44:37 Heavy Camel Rider
54:30 Ballistics
58:12 Light Cavalry
68:02 Banking
67:00 Hussar
Pez
0:48 Loom
10:53 Feudal Age
16:53 Castle Age
15:16 Double-Bit Axe
15:48 Horse Collar
20:42 Wheelbarrow
25:13 Imperial Age
23:31 Bow Saw
24:47 Fortified Wall
27:00 Chemistry
31:13 Bow Saw
33:11 Torsion Engines
34:35 Siege Engineers
36:54 Conscription
37:45 Masonry
42:18 Devotion
43:03 Fletching
43:14 Padded Archer Armor
45:59 Crossbowman
46:38 Bodkin Arrow
47:17 Thumb Ring
47:18 Thumb Ring
48:04 Arbalester
50:11 Elite Skirmisher
51:16 Leather Archer Armor
51:45 Ballistics
52:18 Bracer
53:57 Ring Archer Armor
55:17 Conscription
57:31 Architecture
58:04 Two-Man Saw
56:47 Heavy Scorpion
59:26 Onager
62:32 Caravan
66:18 Forging
66:08 Scale Mail Armor
72:02 Murder Holes
73:40 Gold Mining
74:41 Hand Cart
74:12 Town Watch
77:10 Siege Onager
78:30 Chain Mail Armor
78:51 Iron Casting
79:07 Halberdier
79:47 Squires
80:20 Plate Mail Armor
Dark_Shelly
8:19 Loom
12:35 Feudal Age
13:05 Feudal Age
13:56 Double-Bit Axe
13:52 Horse Collar
16:45 Castle Age
18:02 Bow Saw
17:54 Heavy Plow
24:11 Wheelbarrow
23:38 Gold Mining
23:38 Stone Mining
25:48 Stone Shaft Mining
25:49 Hand Cart
27:24 Fletching
27:35 Padded Archer Armor
29:00 Coinage
31:03 Imperial Age
29:16 Ballistics
28:58 Bodkin Arrow
29:19 Leather Archer Armor
30:46 Caravan
31:15 Silk Road
31:39 Elite Genoese Crossbowman
33:26 Chemistry
32:51 Conscription
32:58 Bracer
34:19 Ring Archer Armor
36:21 Forging
36:12 Scale Mail Armor
36:26 Squires
36:15 Arson
37:59 Iron Casting
41:33 Murder Holes
41:18 Treadmill Crane
41:49 Masonry
43:22 Chain Mail Armor
44:07 Blast Furnace
46:05 Plate Mail Armor
51:21 Architecture
51:29 Hoardings
51:21 Scale Barding Armor
51:49 Banking
56:53 Guilds
64:28 Capped Ram
66:48 Crop Rotation
67:20 Two-Man Saw
66:22 Man-at-Arms
69:43 Long Swordsman
73:57 Two-Handed Swordsman
76:36 Champion
80:08 Bombard Tower
Sarin
5:11 Loom
10:49 Feudal Age
12:07 Double-Bit Axe
14:53 Castle Age
13:01 Horse Collar
15:51 Bow Saw
15:48 Heavy Plow
17:32 Wheelbarrow
20:37 Hand Cart
27:39 Imperial Age
26:29 Gold Mining
26:30 Stone Mining
27:47 Padded Archer Armor
27:38 Fletching
27:40 Heavy Rocket Cart
29:43 Conscription
29:39 Leather Archer Armor
29:20 Bodkin Arrow
29:26 Scale Mail Armor
29:37 Forging
30:53 Ring Archer Armor
30:24 Bracer
31:25 Chemistry
34:41 Guilds
34:32 Caravan
35:37 Two-Man Saw
35:07 Crop Rotation
35:12 Chain Mail Armor
35:33 Iron Casting
35:47 Thunderclap Bombs
37:20 Coinage
37:58 Ballistics
37:19 Treadmill Crane
37:34 Murder Holes
37:50 Masonry
38:41 Blast Furnace
39:12 Scale Barding Armor
45:47 Guard Tower
46:28 Architecture
48:08 Chain Barding Armor
49:50 Plate Barding Armor
48:36 Pikeman
49:17 Squires
51:28 Keep
67:11 Town Watch
73:28 Elite Iron Pagoda
77:21 Fortified Wall
HR nomadplayer
4:16 Loom
9:37 Feudal Age
9:38 Man-at-Arms
11:39 Double-Bit Axe
17:25 Wheelbarrow
20:00 Castle Age
18:18 Horse Collar
21:13 Bow Saw
21:03 Heavy Plow
26:31 Gold Mining
28:13 Hand Cart
27:44 Town Watch
28:20 Caravan
33:10 Imperial Age
31:52 Stone Mining
32:50 Gold Shaft Mining
33:13 Ballistics
32:55 Fletching
33:42 Bodkin Arrow
33:50 Arrowslits
35:50 Town Patrol
36:13 Siege Engineers
35:45 Onager
37:09 Bracer
38:18 Chemistry
37:14 Murder Holes
37:31 Siege Onager
39:36 Scale Barding Armor
40:31 Cavalier
41:11 Husbandry
41:22 Bloodlines
41:32 Chain Barding Armor
41:23 Forging
43:08 Conscription
42:54 Hauberk
44:19 Plate Barding Armor
44:20 Iron Casting
44:55 Coinage
47:27 Blast Furnace
51:03 Guilds
51:23 Banking
51:42 Masonry
58:02 Capped Ram
59:54 First Crusade
58:56 Elite Serjeant
59:42 Siege Ram
62:50 Scale Mail Armor
81:36 Chain Mail Armor
85:55 Plate Mail Armor
[CL] Guatona, Guatona qla fea
0:39 Loom
13:39 Feudal Age
18:54 Castle Age
17:09 Double-Bit Axe
17:12 Horse Collar
19:03 Fletching
24:29 Bodkin Arrow
24:36 Padded Archer Armor
24:37 Town Watch
30:57 Redemption
32:16 Sanctity
36:15 Wheelbarrow
38:15 Hand Cart
43:40 Imperial Age
41:13 Caravan
43:24 Leather Archer Armor
42:51 Man-at-Arms
43:31 Squires
43:18 Arson
43:02 Man-at-Arms
43:44 Squires
43:30 Arson
43:49 Scale Mail Armor
44:00 Forging
44:04 Gold Mining
43:38 Long Swordsman
44:28 Two-Handed Swordsman
45:30 Chain Mail Armor
45:36 Champion
46:53 Iron Casting
47:17 Plate Mail Armor
49:10 Blast Furnace
50:40 Bow Saw
50:34 Heavy Plow
51:46 Bracer
54:50 Chemistry
54:10 Ballistics
56:17 Stone Mining
57:28 Two-Man Saw
57:05 Gold Shaft Mining
61:16 Masonry
73:42 Architecture
72:53 Treadmill Crane
73:06 Guard Tower
76:11 Conscription
77:36 Keep
78:36 Elite Fire Archer
88:14 Sitting Tiger
[CL] ßitokø × 1876
5:04 Loom
11:20 Feudal Age
12:00 Double-Bit Axe
15:01 Castle Age
12:57 Horse Collar
22:10 Wheelbarrow
24:28 Hand Cart
28:27 Imperial Age
27:20 Gold Mining
27:21 Stone Mining
29:28 Gold Shaft Mining
29:28 Stone Shaft Mining
30:10 Chemistry
29:22 Masonry
30:01 Scale Barding Armor
30:07 Forging
30:10 Bloodlines
30:00 Husbandry
29:51 Light Cavalry
30:45 Husbandry
30:07 Light Cavalry
31:08 Hussar
33:22 Chain Barding Armor
33:38 Iron Casting
33:32 Bow Saw
34:04 Siege Engineers
34:26 Heavy Plow
36:36 Fletching
37:21 Plate Barding Armor
37:47 Blast Furnace
38:14 Bodkin Arrow
38:19 Padded Archer Armor
38:41 Ballistics
38:32 Masonry
39:45 Scale Mail Armor
40:14 Treadmill Crane
40:30 Murder Holes
40:45 Careening
41:01 Elite Camel Archer
42:02 Conscription
43:35 Leather Archer Armor
43:21 Bracer
43:37 Chain Mail Armor
43:34 Kasbah
43:34 Maghrebi Camels
44:47 Ring Archer Armor
45:44 Thumb Ring
45:01 Heavy Cavalry Archer
50:39 Plate Mail Armor
52:17 Crop Rotation
52:07 Caravan
52:38 Coinage
52:18 Guilds
54:22 Capped Ram
56:15 Cavalier
58:02 Banking
63:02 Onager
89:10 Arrowslits
89:36 Fortified Wall
OS+ | FaNaTiick
0:26 Loom
9:52 Feudal Age
13:26 Castle Age
11:31 Double-Bit Axe
12:55 Horse Collar
14:19 Bow Saw
20:52 Wheelbarrow
20:52 Heavy Plow
22:27 Gold Mining
26:54 Imperial Age
25:27 Hand Cart
26:11 Scale Mail Armor
26:22 Forging
26:18 Stone Mining
26:18 Town Watch
27:09 Chain Mail Armor
28:38 Chemistry
28:40 Two-Man Saw
28:10 Crop Rotation
27:46 Squires
27:07 Pikeman
29:24 Iron Casting
28:10 Halberdier
29:43 Conscription
30:12 Town Patrol
32:21 Blast Furnace
33:34 Fletching
34:04 Caravan
34:46 Bodkin Arrow
34:55 Perfusion
35:13 Guilds
35:06 Elite Huskarl
35:46 Anarchy
38:21 Coinage
38:56 Padded Archer Armor
38:57 Bracer
39:02 Scale Barding Armor
39:18 Ballistics
38:49 Heated Shot
38:54 Murder Holes
39:10 Masonry
39:10 Clinker Construction
38:50 Heavy Cavalry Archer
41:34 Husbandry
41:44 Bloodlines
41:55 Chain Barding Armor
40:56 Light Cavalry
40:56 Cavalier
41:53 Leather Archer Armor
46:44 Onager
52:39 Banking
61:04 Ring Archer Armor
59:56 Elite Skirmisher
59:56 Crossbowman
59:57 Elite Genitour
73:15 Man-at-Arms
73:27 Sappers
75:47 Long Swordsman
76:47 Heavy Scorpion
84:02 Architecture
Connection lost

Rejoining the realm…

Still unreachable

The connection could not be restored.

Session expired

The server has moved on; the page needs a fresh start.